 Dungeon Crawl Stone Soup version 0.28-a0-1493-g08698888e4 (webtiles) character file.

Game seed: 9340021277192643049

15 iamoutofideas the Grasshopper (level 2, -2/26 HPs)
             Began as a Gnoll Warper on Jan 12, 2022.
             Slain by a gnoll (6 damage)
             ... on level 3 of the Dungeon.
             The game lasted 00:01:04 (992 turns).

iamoutofideas the Grasshopper (Gnoll Warper)         Turns: 992, Time: 00:01:05

Health: -2/26      AC:  3    Str: 10    XL:     2   Next: 50%
Magic:  7/7        EV: 12    Int: 12    God:
Gold:   53         SH:  0    Dex: 11    Spells: 10/10 levels left

rFire   . . .      SeeInvis .   a - +0 hand axe
rCold   . . .      Faith    .   (no shield)
rNeg    . . .      Spirit   .   b - +0 leather armour
rPois   .          Reflect  .   (no helmet)
rElec   .          Harm     .   (no cloak)
rCorr   .          Rampage  .   (no gloves)
Will    .....                   (no boots)
Stlth   +.........              (no amulet)
HPRegen 0.08/turn               (no ring)
MPRegen 0.10/turn               (no ring)

@: attractive, invisible
A: fangs 1, strong nose, distributed training
a: no special abilities


You were on level 3 of the Dungeon.
You visited 1 branch of the dungeon, and saw 3 of its levels.

You collected 53 gold pieces.

Inventory:

Hand Weapons
 a - a +0 hand axe (weapon)
Missiles
 d - 5 boomerangs of dispersal (quivered)
Armour
 b - a +0 leather armour (worn)
 f - a +0 ring mail
Scrolls
 c - a scroll of blinking
 g - a scroll of identify {unknown}


   Skills:
 + Level 4.5 Fighting
 + Level 0.4 Short Blades
 + Level 0.4 Long Blades
 + Level 4.5 Axes
 + Level 0.4 Maces & Flails
 + Level 0.4 Polearms
 + Level 0.4 Staves
 + Level 0.4 Slings
 + Level 0.4 Bows
 + Level 0.4 Crossbows
 + Level 2.5 Throwing
 + Level 2.5 Armour
 + Level 4.5 Dodging
 + Level 0.4 Stealth
 + Level 0.4 Shields
 + Level 0.4 Unarmed Combat
 + Level 4.9 Spellcasting
 + Level 0.2 Conjurations
 + Level 0.2 Hexes
 + Level 0.2 Summonings
 + Level 0.2 Necromancy
 + Level 5.3 Translocations
 + Level 0.2 Transmutations
 + Level 0.2 Fire Magic
 + Level 0.2 Ice Magic
 + Level 0.2 Air Magic
 + Level 0.2 Earth Magic
 + Level 0.2 Poison Magic
 + Level 0.5 Invocations
 + Level 0.4 Evocations


You had 10 spell levels left.
You didn't know any spells.
Your spell library contained the following spells:

 Spells                   Type           Power      Damage    Failure   Level
 Blink                    Tloc           30%        N/A       4%          2
 Gell's Gravitas          Tloc           15%        N/A       9%          3
 Lesser Beckoning         Tloc           15%        N/A       9%          3
 Teleport Other           Tloc           15%        N/A       9%          3
 Manifold Assault         Tloc           15%        N/A       63%         5


Dungeon Overview and Level Annotations

Branches:
Dungeon (3/15)

Altars:


Innate Abilities, Weirdness & Mutations

You have very sharp teeth.
Your uncanny sense of smell can sniff out nearby items.
Your experience applies equally to all skills.


Message History

The gnoll shouts! x2; You hear a shout! x2
A gnoll comes into view. It is wielding a +0 whip.
The gnoll closely misses you.
You barely miss the gnoll. You bite the gnoll, but do no damage.
The gnoll barely misses you.
There are monsters nearby!
You hit the gnoll. You bite the gnoll.
The gnoll is moderately wounded.
The gnoll completely misses you.
You hit the gnoll.
The gnoll is heavily wounded.
You hit the gnoll but do no damage. The gnoll barely misses you.
You barely miss the gnoll. The gnoll hits you with a +0 flail!
The gnoll hits you from afar with a +0 halberd.
You are too injured to fight recklessly!
A gnoll comes into view. It is wielding a +0 halberd.
Found a scroll of blinking.
An endoplasm comes into view.
Found a scroll labelled RITALYUT TYDDU.
The endoplasm quivers.
There is a stone staircase leading down here.
The gnoll hits you with a +0 flail!
* * * LOW HITPOINT WARNING * * *
You climb downwards.
Found a stone staircase leading down.
There is a stone staircase leading up here.
Unknown command.
It was a potion of attraction.
You feel attractive to monsters. The gnoll misses you.
It was a potion of invisibility.
You fade into invisibility!
The gnoll closely misses you.
You don't know any spells.
You don't know any spells.
You don't know any spells.
Okay, then.
Okay, then.
You barely miss the gnoll. The gnoll hits you with a +0 flail.
You die...

# .# ... # .... #
#. ....#
....#.#####.....#
#...@g<......#
########......
..>## ###


You could see a gnoll.

Vanquished Creatures
  A dart slug (D:1)
  An endoplasm (D:1)
  2 giant cockroaches (D:1)
  A hobgoblin (D:1)
  2 jackals (D:1)
  A quokka (D:1)
  2 bats (D:1)
  A frilled lizard (D:1)
  A goblin (D:1)
12 creatures vanquished.

Notes
Turn   | Place    | Note
-------+----------+-------------------------------------------
     0 | D:1      | iamoutofideas the Gnoll Warper began the quest for the Orb.
     0 | D:1      | Reached XP level 1. HP: 20/20 MP: 6/6
   381 | D:1      | Reached XP level 2. HP: 26/26 MP: 7/7
   992 | D:3      | Slain by a gnoll

Illustrated notes

Levels and vault maps discovered:
D:1:      psy_arrival_basics, layout_basic
D:2:      layout_loops_ring, uniq_crazy_yiuf_cottage
D:3:      layout_loops_cross, nicolae_elyvilon_peaceful_grove,
          gammafunk_ghost_arena, uniq_terence

Action                   || total
-------------------------++-------
Melee: Hand axe          ||    45
       Bite              ||     7
  Use: Potion            ||     2
Armor: Leather armour    ||    12
Dodge: Dodged            ||    37

Table legend: (Time is in decaauts)
 A = Elapsed time spent in this place.
 B = Non-inter-level travel time spent in this place.
 C = Inter-level travel time spent in this place.
 D = Time resting spent in this place.
 E = Time spent auto-exploring this place.
 F = Levels seen in this place.
 G = Mean time per level.
                   A        B        C        D        E       F      G
               +--------+--------+--------+--------+--------+-----+--------+
         Total |    995 |    941 |     54 |      0 |    835 |   3 |  331.7 |
       Dungeon |    995 |    941 |     54 |      0 |    835 |   3 |  331.7 |
               +--------+--------+--------+--------+--------+-----+--------+

Top non-repeatable levels by time:
     D:1: 963 daAuts
     D:2: 27 daAuts
     D:3: 4 daAuts
